 Dungeon Crawl Stone Soup version 0.19.0-20-gbc5f0c6 (webtiles) character file.

142 Jatzack the Shield-Bearer (level 5, 0/47 HPs)
             Began as a Minotaur Fighter on Nov 17, 2016.
             Was a Follower of Qazlal.
             Slain by a gnoll
             ... wielding a +1 spear of flaming
              (2 damage)
             ... on level 3 of the Dungeon.
             The game lasted 00:10:00 (2219 turns).

Jatzack the Shield-Bearer (Minotaur Fighter)        Turns: 2219, Time: 00:10:01

Health: 0/47       AC:  7    Str: 27    XL:     5   Next: 3%
Magic:  4/4        EV:  7    Int:  5    God:    Qazlal [*.....]
Gold:   171        SH: 11    Dex:  9    Spells: 0 memorised, 4 levels left

rFire  . . .     SeeInvis .     a - +0 war axe
rCold  . . .     Gourm    .     b - +0 scale mail
rNeg   . . .     Faith    .     c - +0 shield
rPois  .         Spirit   .     (helmet restricted)
rElec  .         Reflect  .     (no cloak)
rCorr  .         Harm     .     (no gloves)
MR     .....                    (no boots)
Stlth  ..........               (no amulet)
                                (no ring)
                                (no ring)

@: mighty
A: retaliatory headbutt, horns 2
a: Renounce Religion


You were on level 3 of the Dungeon.
You worshipped Qazlal.
Qazlal was aware of your devotion.
You were hungry.

You visited 1 branch of the dungeon, and saw 3 of its levels.

You collected 171 gold pieces.

Inventory:

Hand Weapons
 a - a +0 war axe (weapon)
 g - a +0 hunting sling
 w - a cursed -2 trident
Missiles
 k - 2 tomahawks (quivered)
 n - a throwing net
Armour
 b - a +0 scale mail (worn)
 c - a +0 shield (worn)
 i - a +2 leather armour of poison resistance
Scrolls
 e - a scroll of enchant weapon {unknown}
 h - 2 scrolls of remove curse {unknown}
 j - a scroll of amnesia {unknown}
 m - 2 scrolls of teleportation
 o - a scroll of immolation {unknown}
 q - a scroll of noise {unknown}
 s - a scroll of enchant armour {unknown}
 u - a scroll of recharging {unknown}
 y - 2 scrolls of identify {unknown}
Potions
 d - 2 potions of might
 r - a potion of invisibility {unknown}
 t - a potion of haste {unknown}
 v - a potion of ambrosia {unknown}
 z - a potion of agility {unknown}
Comestibles
 f - 3 bread rations
 l - 4 fruits
 p - a meat ration
 x - 4 chunks of flesh


   Skills:
 + Level 4.4 Fighting
 + Level 4.4 Axes
 + Level 4.4 Armour
 + Level 4.4 Shields


You had 4 spell levels left.
You didn't know any spells.

Dungeon Overview and Level Annotations

Branches:
Dungeon (3/15)

Altars:
Ashenzari
Gozag
Kikubaaqudgha
Makhleb
Qazlal
Xom


Innate Abilities, Weirdness & Mutations

You reflexively headbutt those who attack you in melee.
You have a pair of horns on your head.


Message History

The gnoll burns you.
* * * LOW HITPOINT WARNING * * *
You block the gnoll's attack. You block the gnoll's attack.
Your transformation is almost over.
You block the gnoll's attack.
You are feeling hungry.
The gnoll hits you but does no damage. The gnoll hits you but does no damage.
You block the gnoll's attack. The gnoll hits you but does no damage.
The gnoll hits you but does no damage. You block the gnoll's attack.
You block the gnoll's attack.
You feel less woody.
Your +0 scale mail unmelds from your body.
The gnoll hits you from afar with a spear of flaming.
* * * LOW HITPOINT WARNING * * *
The gnoll burns you.
You die...

............#......#.#####
######.#####......#.#
.........(.........#.#
#####..............#.#
#........###. #.#
#........# #.# #.#
#####..### #.# #[# .#
##.## #.# #.###### ..#
#@.# #.# #......# ...#
##)## #.# #......# ....#
#g.# #.# #......#
...).###)# #.# #.######
......##)# #.# #.######
.......#)# #.# #.#....<
.........# #.# #.#.....
.........# #.# #.#.....
.......#.###.###.#.....


You could see a gnoll.

Vanquished Creatures
  2 gnolls (D:3)
  4 adders
  2 oozes (D:1)
  2 dart slugs (D:1)
  3 leopard geckos
  3 orcs (D:3)
  4 ball pythons
  9 bats
  4 giant cockroaches
  6 goblins
  6 hobgoblins
  6 jackals
  A quokka (D:3)
  6 frilled lizards
  8 kobolds
  3 rats
69 creatures vanquished.

Notes
Turn   | Place    | Note
-------+----------+-------------------------------------------
     0 | D:1      | Jatzack the Minotaur Fighter began the quest for the Orb.
     0 | D:1      | Reached XP level 1. HP: 19/19 MP: 0/0
   145 | D:1      | Reached XP level 2. HP: 26/27 MP: 1/1
   534 | D:1      | Reached XP level 3. HP: 33/33 MP: 2/2
   962 | D:2      | Found a shimmering altar of Xom.
   963 | D:2      | Found a burning altar of Makhleb.
   995 | D:2      | Found a stormy altar of Qazlal.
   997 | D:2      | Found a shattered altar of Ashenzari.
   997 | D:2      | Found an opulent altar of Gozag.
   998 | D:2      | Found an ancient bone altar of Kikubaaqudgha.
  1026 | D:2      | Became a worshipper of Qazlal Stormbringer
  1272 | D:2      | Reached XP level 4. HP: 29/40 MP: 3/3
  1936 | D:3      | Reached * piety under Qazlal
  2198 | D:3      | Reached XP level 5. HP: 8/47 MP: 4/4
  2219 | D:3      | HP: 2/47 [gnoll/spear of flaming (4)]
  2219 | D:3      | Slain by a gnoll

Skill      XL: |  1  2  3  4 |
---------------+-------------+-----
Shields        | 4 |  4.4
Fighting       | 4 |  4.4
Axes           | 3 4 |  4.4
Armour         | 4 |  4.4

Action                   |  1- 3 |  4- 6 || total
-------------------------+-------+-------++-------
Melee: War axe           |    91 |    68 ||   159
       Headbutt          |    16 |     4 ||    20
  Use: Potion            |       |     2 ||     2
       Scroll            |       |     1 ||     1
  Eat: Chunk             |     1 |     3 ||     4
Armor: Scale mail        |    43 |    40 ||    83
       Skin              |       |    14 ||    14
Dodge: Dodged            |    30 |    29 ||    59
Block: Shield            |    51 |    48 ||    99
